 Dungeon Crawl Stone Soup version 0.21.1-1-g345015fe64 (webtiles) character file.

1797 Naridas the Ruffian (level 8, 0/78 HPs)
             Began as a Troll Monk on July 10, 2018.
             Was a Priest of Kikubaaqudgha.
             Slain by an orc warrior
             ... wielding a +1 scimitar of slicing
              (18 damage)
             ... on level 7 of the Dungeon.
             The game lasted 00:21:08 (5306 turns).

Naridas the Ruffian (Troll Monk)                    Turns: 5306, Time: 00:21:09

Health: 0/78       AC:  5    Str: 20    XL:     8   Next: 83%
Magic:  11/11      EV: 12    Int:  6    God:    Kikubaaqudgha [***...]
Gold:   272        SH:  0    Dex: 14    Spells: 9/13 levels left

rFire    . . .     SeeInvis .     - Unarmed
rCold    . . .     Gourm    +   (no shield)
rNeg     . . .     Faith    .   a - +0 robe
rPois    .         Spirit   .   (helmet restricted)
rElec    .         Reflect  .   C - scarf {repulsion}
rCorr    .         Harm     .   (gloves unavailable)
MR       .....                  (boots unavailable)
Stlth    ++........             (no amulet)
HPRegen  0.63/turn              (no ring)
MPRegen  0.12/turn              (no ring)

@: repel missiles
A: large, unfitting armour, claws 3, fast metabolism 3, gourmand, regeneration
1, shaggy fur 1, tough skin 2
a: Receive Corpses, Renounce Religion


You were on level 7 of the Dungeon.
You worshipped Kikubaaqudgha.
Kikubaaqudgha was most pleased with you.
You were very full.

You visited 2 branches of the dungeon, and saw 8 of its levels.
You also visited: Sewer.

You collected 272 gold pieces.

Inventory:

Missiles
 x - 3 large rocks (quivered)
Armour
 a - a +0 robe (worn)
 C - a scarf of repulsion (worn)
Jewellery
 z - an uncursed amulet of rage
Wands
 p - a wand of paralysis (13)
 A - a wand of polymorph (22)
Scrolls
 c - 7 scrolls of remove curse
 e - 2 scrolls of immolation {unknown}
 f - 2 scrolls of enchant armour {unknown}
 g - 2 scrolls of noise {unknown}
 i - 3 scrolls of fog {unknown}
 j - a scroll of fear {unknown}
 k - 4 scrolls of magic mapping
 m - 2 scrolls of amnesia {unknown}
 n - 4 scrolls of teleportation
 u - a scroll of random uselessness {unknown}
Potions
 h - 5 potions of heal wounds
 l - 2 potions of mutation
 o - 2 potions of invisibility
 q - 2 potions of curing
 r - 2 potions of brilliance {unknown}
 s - a potion of might {unknown}
 t - a potion of degeneration {unknown}
 v - a potion of cancellation {unknown}
 w - 2 potions of berserk rage {unknown}
 B - a potion of lignification {unknown}
Books
 d - Kikubaaqudgha's Catalogue of Stolen Souls
   (Kikubaaqudgha gifted it to you in the Ecumenical Temple)

   Spells                             Type                      Level
   a - Animate Skeleton               Necromancy                   1
   b - Pain                           Necromancy                   1
   c - Sublimation of Blood           Necromancy                   2
   d - Regeneration                   Charms/Necromancy            3
 y - Kikubaaqudgha's Catalogue of Black Magic
   (Kikubaaqudgha gifted it to you on level 5 of the Dungeon)

   Spells                             Type                      Level
   a - Bolt of Draining               Conjuration/Necromancy       5
   b - Borgnjor's Vile Clutch         Necromancy/Earth             5
   c - Agony                          Necromancy                   5
   d - Dispel Undead                  Necromancy                   5
   e - Simulacrum                     Ice/Necromancy               6
Comestibles
 b - 12 rations


   Skills:
 - Level 4.0 Fighting
 + Level 2.7 Throwing
 - Level 4.6 Dodging
 - Level 1.0 Stealth
 - Level 5.4 Unarmed Combat
 - Level 3.2 Spellcasting
 - Level 4.4 Necromancy


You had 9 spell levels left.
You knew the following spells:

 Your Spells              Type           Power        Failure   Level  Hunger
a - Animate Skeleton      Necr           N/A          6%          1    ##.....
b - Regeneration          Chrm/Necr      #.........   41%         3    ####...


Dungeon Overview and Level Annotations

Branches:
Dungeon (7/15)             Temple (1/1) D:4

Altars:
Ashenzari
Cheibriados
Dithmenos
Elyvilon
Fedhas
Gozag
Hepliaklqana
Kikubaaqudgha
Makhleb
Nemelex Xobeh
Okawaru
Qazlal
Ru
Sif Muna
Trog
Uskayaw
Vehumet
Wu Jian
Xom
Yredelemnul
Zin
The Shining One

Shops:
D:4 =

Annotations:
D:7 Prince Ribbit


Innate Abilities, Weirdness & Mutations

You are too large for most types of armour.
You have claws for hands.
Your metabolism is lightning-fast.
You like to eat raw meat.
Your natural rate of healing is unusually fast.
You are covered in fur. (AC +1)
You have very tough skin. (AC +2)


Message History

You scratch the orc priest.
The orc priest is lightly wounded.
The orc priest closely misses you.
You closely miss the orc priest.
The orc priest is lightly wounded.
The orc priest barely misses you.
You claw the orc priest!
You kill the orc priest!
Kikubaaqudgha accepts your kill.
You scratch the orc warrior but do no damage.
The orc warrior hits you with a scimitar of slicing!
* * * LOW HITPOINT WARNING * * *
x2 You scratch the orc warrior.
The orc warrior is moderately wounded.
The orc warrior completely misses you.
You scratch the orc warrior.
The orc warrior is moderately wounded.
The orc warrior hits you with a scimitar of slicing!!
You die...
Kikubaaqudgha rasps: "You have failed me!
Welcome... death!"

### #.# #.#
###
#@#####....
#o#........
#oZ.....#
#######.#####
#...Z.#.#
#.....#.######
+.....'Z.....#
#.....#o######
#.....#o#


You could see an orc warrior, an orc and a centaur skeleton.

Vanquished Creatures
  The ghost of patthesweetcat the Firebug, a novice OpFE of Sif Muna (D:4)
  Eustachio (D:5)
  Menkaure (D:6)
  Purgy (Sewer)
  An orc warrior (D:7)
  An ogre (D:5)
  A centaur (D:5)
  A bullfrog (D:7)
  A wyvern zombie (D:6)
  2 crimson imps
  3 hounds
  An orc wizard (D:5)
  2 bullfrog skeletons
  4 orc priests
  Terence (D:3)
  An iguana (D:6)
  Natasha (thrice) (D:3)
  3 worker ants (D:5)
  A worker ant zombie (D:5)
  Robin (D:3)
  11 adders
  An ooze (D:3)
  2 worms
  3 leopard geckos
  17 orcs
  5 ball pythons
  7 giant cockroaches
  8 goblins
  12 hobgoblins
  11 jackals
  A quokka (D:3)
  3 bats
  11 frilled lizards
  A jackal skeleton (D:3)
  4 kobolds
  8 rats
136 creatures vanquished.

Vanquished Creatures (collateral kills)
  An orc wizard (D:5)
  An orc (D:5)
2 creatures vanquished.

Grand Total: 138 creatures vanquished

Notes
Turn   | Place    | Note
-------+----------+-------------------------------------------
     0 | D:1      | Naridas the Troll Monk began the quest for the Orb.
     0 | D:1      | Reached XP level 1. HP: 22/22 MP: 0/0
   518 | D:1      | Reached XP level 2. HP: 26/29 MP: 1/1
   930 | D:2      | Found a hazy altar of Hepliaklqana.
  1121 | D:2      | Found a stormy altar of Qazlal.
  1486 | D:2      | Reached skill level 4 in Unarmed Combat
  1672 | D:3      | Reached XP level 3. HP: 29/36 MP: 2/2
  1767 | D:3      | Noticed Natasha
  1777 | D:3      | Killed Natasha
  1777 | D:3      | Reached skill level 5 in Unarmed Combat
  1777 | D:3      | Reached XP level 4. HP: 23/44 MP: 3/3
  1857 | D:3      | Noticed Natasha
  1868 | D:3      | Killed Natasha
  1943 | D:3      | Reached XP level 5. HP: 52/52 MP: 4/4
  1972 | D:3      | Noticed Terence
  1998 | D:3      | Killed Terence
  2001 | D:3      | Noticed Robin
  2007 | D:3      | Killed Robin
  2065 | D:3      | Noticed Natasha
  2069 | D:3      | Killed Natasha
  2379 | D:4      | Found Tucvif's Jewellery Shop.
  2390 | D:4      | Noticed patthesweetcat's ghost (novice OpFE)
  2391 | D:4      | Found a staircase to the Ecumenical Temple.
  2400 | Temple   | Entered the Ecumenical Temple
  2565 | Temple   | Became a worshipper of Kikubaaqudgha
  2565 | Temple   | Reached * piety under Kikubaaqudgha
  2565 | Temple   | Identified Kikubaaqudgha's Catalogue of Stolen Souls (Kikubaaqudgha gifted it to you in the Ecumenical Temple)
  2565 | Temple   | Received a gift from Kikubaaqudgha
  2565 | Temple   | Reached ** piety under Kikubaaqudgha
  2601 | D:4      | Reached XP level 6. HP: 56/62 MP: 5/5
  2628 | D:4      | Found a blossoming altar of Fedhas.
  2674 | D:4      | Found a glowing drain.
  2701 | Sewer    | Entered a sewer
  2810 | Sewer    | Noticed Purgy
  2827 | Sewer    | Killed Purgy
  2942 | D:4      | Learned a level 1 spell: Animate Skeleton
  3028 | D:4      | Found a basalt altar of Yredelemnul.
  3047 | D:4      | Killed patthesweetcat's ghost
  3047 | D:4      | Reached XP level 7. HP: 48/70 MP: 6/6
  3555 | D:5      | Entered Level 5 of the Dungeon
  3595 | D:5      | Learned a level 3 spell: Regeneration
  3696 | D:5      | Noticed Eustachio
  3716 | D:5      | Killed Eustachio
  3716 | D:5      | Reached skill level 1 in Spellcasting
  3918 | D:5      | Reached XP level 8. HP: 78/78 MP: 8/10
  4038 | D:5      | Reached *** piety under Kikubaaqudgha
  4038 | D:5      | Identified Kikubaaqudgha's Catalogue of Black Magic (Kikubaaqudgha gifted it to you on level 5 of the Dungeon)
  4038 | D:5      | Received a gift from Kikubaaqudgha
  4101 | D:5      | Found a hazy altar of Hepliaklqana.
  4608 | D:6      | Noticed Menkaure
  4612 | D:6      | Killed Menkaure
  4879 | D:6      | Found a sparkling altar of Nemelex Xobeh.
  4950 | D:6      | Found a glowing golden altar of the Shining One.
  5271 | D:7      | Noticed Prince Ribbit
  5297 | D:7      | Reached skill level 1 in Throwing
  5306 | D:7      | Slain by an orc warrior

Skill      XL: |  1  2  3  4  5  6  7  8 |
---------------+-------------------------+-----
Unarmed Combat | 4 5 |  5.4
Fighting       | 4 |  4.0
Necromancy     | 4 |  4.4
Spellcasting   | 2 3 |  3.2
Dodging        | 4 |  4.6
Throwing       | 2 |  2.7
Stealth        | |  1.0

Action                   |  1- 3 |  4- 6 |  7- 9 || total
-------------------------+-------+-------+-------++-------
Melee: Unarmed           |    83 |   152 |   160 ||   395
       Punch             |     2 |     5 |     5 ||    12
 Cast: Animate Skeleton  |       |       |     9 ||     9
  Use: Scroll            |       |     4 |     4 ||     8
 Stab: Sleeping          |     3 |     1 |     3 ||     7
       Distracted        |       |       |     1 ||     1
  Eat: Chunk             |    16 |    17 |    21 ||    54
Armor: Robe              |    27 |    51 |    40 ||   118
Dodge: Dodged            |    34 |    66 |    82 ||   182
